 Dungeon Crawl Stone Soup version 0.29.1-15-g9cfb28693d (webtiles) character file.

Game seed: 11551493129127832835

4780 wingedge the Basher (level 10, -8/80 HPs)
             Began as a Human Wanderer on Mar 19, 2023.
             Was an Elder of Makhleb.
             Mangled by a vampire
             ... wielding a +1 vampiric glaive
              (10 damage)
             ... in a bailey.
             The game lasted 00:35:11 (11131 turns).

wingedge the Basher (Human Wanderer)               Turns: 11131, Time: 00:35:11

Health: -8/80      AC:  8    Str: 15    XL:     10   Next: 75%
Magic:  15/15      EV:  8    Int: 10    God:    Makhleb [****..]
Gold:   564        SH: 12    Dex: 15    Spells: 7/9 levels left

rFire   . . .      SeeInvis +   g - +1 flail (chaos)
rCold   . . .      Faith    .   m - +5 kite shield of the Gastropod {-Tele rN+ Will+ SInv}
rNeg    + . .      Spirit   .   o - +0 ring mail
rPois   .          Reflect  .   v - +2 helmet
rElec   .          Harm     .   (no cloak)
rCorr   .          Rampage  .   (no gloves)
Will    +....      NoTele   +   (no boots)
Stlth   +.........              J - amulet of magic regeneration
HPRegen 0.23/turn               (no ring)
MPRegen 0.54/turn               (no ring)

@: no status effects
A: talons 1, clumsy 1, mutation resistance 1, wild magic 1
a: Renounce Religion, Minor Destruction, Lesser Servant of Makhleb, Major
Destruction


You were in a bailey.
You worshipped Makhleb.
Makhleb was greatly pleased with you.
You visited 2 branches of the dungeon, and saw 9 of its levels.
You also visited: Sewer, Ossuary and Bailey.

You collected 564 gold pieces.

Inventory:

Hand Weapons
 a - a +2 dagger
 c - a +0 quarterstaff
 g - a +1 flail of chaos (weapon)
 r - a +0 glaive
 y - a +1 short sword of holy wrath
Missiles
 b - 2 curare-tipped darts
 i - 14 poisoned darts
 n - 3 throwing nets
 C - 7 boomerangs (quivered)
 M - 8 atropa-tipped darts
Armour
 m - the +5 kite shield of the Gastropod (worn) {-Tele rN+ Will+ SInv}
   (You found it on level 2 of the Dungeon)

   rN:        It protects you from negative energy.
   SInv:      It lets you see invisible.
   -Tele:     It prevents most forms of teleportation.
   Will:      It increases your willpower.
 o - a +0 ring mail (worn)
 s - a +0 chain mail
 v - a +2 helmet (worn)
 z - a +1 plate armour
Jewellery
 J - an amulet of magic regeneration (around neck)
Wands
 d - a wand of flame (4)
 I - a wand of paralysis (14)
Scrolls
 e - 5 scrolls of teleportation
 h - a scroll of fear
 k - 2 scrolls of vulnerability
 w - 3 scrolls of enchant armour
Potions
 f - a potion of mutation
 j - 2 potions of invisibility
 l - 7 potions of curing
 p - 3 potions of cancellation
 q - a potion of resistance
 t - a potion of magic {unknown}
 u - 3 potions of might
 x - a potion of flight
 B - 3 potions of berserk rage {unknown}
 D - 3 potions of heal wounds {unknown}
 E - 3 potions of degeneration {unknown}
 F - a potion of attraction {unknown}
 L - a potion of haste {unknown}
 N - 5 potions of brilliance {unknown}


   Skills:
 + Level 8.0 Fighting
 - Level 10.9(11.0) Maces & Flails
 - Level 1.0(6.9) Staves
 - Level 4.0 Throwing
 - Level 2.0 Armour
 + Level 7.5 Invocations
 - Level 1.0 Evocations


You had 7 spell levels left.
You knew the following spells:

 Your Spells              Type           Power      Damage    Failure   Level
a - Passwall              Tmut/Erth      0%         N/A       99%         2

Your spell library contained the following spells:

 Spells                   Type           Power      Damage    Failure   Level
 Ensorcelled Hibernation  Hex/Ice        0%         N/A       99%         2
 Swiftness                Air            0%         N/A       100%        3
 Ice Form                 Ice/Tmut       0%         N/A       100%        4


Dungeon Overview and Level Annotations

Branches:
Dungeon (8/15)             Temple (1/1) D:4           Sewer (visited)
Ossuary (visited)          Bailey (1/1)
   Lair: D:8-11

Altars:
Gozag
Makhleb
Okawaru
Wu Jian
Xom
Yredelemnul
The Shining One
Lugonu

Portals:
Abyss: D:3

Annotations:
D:8 AverageBear's ghost, novice DsFi


Innate Abilities, Weirdness & Mutations

You have sharp toenails.
You are clumsy. (Dex -2)
You are somewhat resistant to further mutation.
Your spells are a little harder to cast, but a little more powerful.


Message History

Your ufetubus hits the vampire but does no damage.
Your ynoxinul completely misses the vampire.
Your ufetubus barely misses the vampire.
Your ufetubus closely misses the vampire.
The vampire hits you but does no damage.
Your ufetubus hits the vampire but does no damage.
Your ufetubus closely misses the vampire.
Your ufetubus barely misses the vampire.
Your ufetubus misses the vampire.
Your ynoxinul completely misses the vampire.
The vampire hits your ufetubus with a +1 vampiric glaive!
Your ufetubus dies!
Your ufetubus disappears in a puff of smoke!
Aiming: Major Destruction (8% risk of failure)
Press: ? - help, Shift-Dir - straight line, f/p - vampire
Aim: a vampire, wielding a +1 vampiric glaive and wearing a +0 scale mail (blue smoke, moderately damaged, unusually agile, slightly transparent)
The bolt of negative energy hits the vampire.
The vampire completely resists.
The vampire is moderately damaged.
Your ynoxinul barely misses the vampire.
The vampire hits your ufetubus with a +1 vampiric glaive!
Your ufetubus dies!
Your ufetubus disappears in a puff of smoke!
Found a glowing arbalest.
Your ynoxinul misses the vampire.
Found a runed ring mail and a murky golden potion.
Okay, then.
Unknown command.
Press: ? - help, v - describe, . - travel
Here: a vampire, wielding a +1 vampiric glaive and wearing a +0 scale mail (moderately damaged, unusually agile, slightly transparent)
The floor.
Okay, then.
Unknown command.
Okay, then.
A demon appears!
You can no longer summon a greater servant of Makhleb.
Your ufetubus disappears in a puff of smoke!
You swap places.
Your ufetubus disappears in a puff of smoke!
The vampire hits you from afar with a +1 vampiric glaive!
You die...

#.÷.# ##### ##÷÷.#
######....# .')÷.#
###8.##.... #
.#####..8#..#...# 8#
##.......#..'..# .!#
.........#..'.3##
#.[# ......♣.
#..#..V##.)8#
.........#..##.5.4.[#
.........#...##5@.8##
........##....######
.......##......8#
......##..)##...#
.......#..).##..#
.......##....#).#
........##)..#..#
.######......#..#
.#..).#......#..#


You could see a vampire (agile, invisible), a friendly hellwing (summoned), a
friendly ynoxinul (summoned) and 2 friendly ufetubi.

Vanquished Creatures
  Pikel (D:7)
  2 vampire mosquitoes (D:8)
  A steam dragon (D:7)
  A water moccasin (D:4)
  An ice beast (D:3)
  An orc warrior (D:8)
  2 ogres
  A centaur (D:8)
  3 phantoms
  3 lemures (D:7)
  2 bullfrogs
  A scorpion (D:5)
  A necrophage (D:6)
  3 wights (D:7)
  2 howler monkeys (D:5)
  6 vampire bats (Bailey)
  5 wolf zombies (Bailey)
  4 hounds
  10 jellies
  2 gnoll boudas
  3 orc priests
  Jessica (D:3)
  5 iguanas
  Terence (D:2)
  4 orc wizards
  A hell rat (Sewer)
  8 mummies (Ossuary)
  19 gnolls
  3 river rats (Sewer)
  8 adders
  A white imp (D:6)
  An ufetubus (D:4)
  A worm zombie (D:8)
  3 worms
  3 dart slugs
  22 orcs
  21 endoplasms
  5 giant cockroaches
  6 goblins
  4 hobgoblins
  3 jackals (D:1)
  8 quokkas
  3 ball pythons
  10 bats
  3 frilled lizards
  2 hobgoblin zombies (Ossuary)
  7 kobolds
  3 kobold zombies (Ossuary)
  25 orc zombies
  5 rats
  A rat zombie (D:8)
  A lurking horror (D:3)
243 creatures vanquished.

Vanquished Creatures (collateral kills)
  An oklob plant (D:7)
  A gargoyle (Bailey)
  2 howler monkeys (D:8)
4 creatures vanquished.

Vanquished Creatures (others)
  5 fungi (D:7)
5 creatures vanquished.

Grand Total: 252 creatures vanquished

Notes
Turn   | Place    | Note
-------+----------+-------------------------------------------
     0 | D:1      | wingedge the Human Wanderer began the quest for the Orb.
     0 | D:1      | wingedge set off with the following items: a +2 dagger, 3
                  | curare-tipped darts, a +0 quarterstaff, a wand of flame
                  | (7), a scroll of teleportation, a +0 leather armour.
     0 | D:1      | Reached XP level 1. HP: 16/16 MP: 1/1
    69 | D:1      | Reached XP level 2. HP: 19/23 MP: 2/2
   314 | D:1      | Reached XP level 3. HP: 15/29 MP: 3/3
   735 | D:1      | Reached XP level 4. HP: 37/37 MP: 4/4
   762 | D:1      | Found a faded altar of an unknown god.
   771 | D:1      | Prayed at the altar of an unknown god.
   771 | D:1      | Became a worshipper of Makhleb the Destroyer
   771 | D:1      | Reached * piety under Makhleb
  1012 | D:2      | Identified the +5 kite shield of the Gastropod {-Tele rN+
                  | Will+ SInv}
  1029 | D:2      | Reached skill level 1 in Maces & Flails
  1045 | D:2      | Reached skill level 2 in Maces & Flails
  1182 | D:2      | Reached XP level 5. HP: 40/42 MP: 5/5
  1239 | D:2      | Noticed Terence
  1263 | D:2      | Killed Terence
  1369 | D:2      | Reached skill level 3 in Maces & Flails
  1962 | D:3      | Found a corrupted altar of Lugonu.
  1962 | D:3      | Found a one-way gate to the infinite horrors of the Abyss.
  1962 | D:3      | Noticed Jessica
  2103 | D:3      | Killed Jessica
  2244 | D:3      | Noticed an ice beast
  2252 | D:3      | Killed an ice beast
  2253 | D:3      | Reached skill level 4 in Maces & Flails
  2253 | D:3      | Reached XP level 6. HP: 38/48 MP: 6/6
  2349 | D:3      | Found a burning altar of Makhleb.
  2349 | D:3      | Noticed a balrug
  2352 | D:3      | Noticed a ynoxinul
  2352 | D:3      | Noticed a neqoxec
  2875 | D:3      | Found a glowing golden altar of the Shining One.
  2903 | D:3      | Found an iron altar of Okawaru.
  3112 | D:4      | Reached ** piety under Makhleb
  3113 | D:4      | Reached skill level 1 in Invocations
  3416 | D:4      | Found an opulent altar of Gozag.
  3491 | D:4      | Reached skill level 5 in Maces & Flails
  3491 | D:4      | Reached XP level 7. HP: 33/54 MP: 8/8
  3807 | D:4      | Found a staircase to the Ecumenical Temple.
  3820 | Temple   | Entered the Ecumenical Temple
  3852 | D:4      | Reached skill level 6 in Maces & Flails
  3912 | D:4      | Noticed a water moccasin
  3923 | D:4      | Killed a water moccasin
  3924 | D:4      | Reached skill level 7 in Maces & Flails
  3924 | D:4      | Reached XP level 8. HP: 60/60 MP: 9/9
  4186 | D:5      | Entered Level 5 of the Dungeon
  4460 | D:5      | Reached *** piety under Makhleb
  4846 | D:5      | Found a glowing drain.
  4855 | Sewer    | Entered a sewer
  4969 | Sewer    | Reached skill level 8 in Maces & Flails
  5283 | D:5      | Found a basalt altar of Yredelemnul.
  5606 | D:6      | Reached skill level 5 in Fighting
  5606 | D:6      | Reached XP level 9. HP: 68/68 MP: 11/11
  5943 | D:6      | Found an ornate altar of the Wu Jian Council.
  5976 | D:6      | Learned a level 2 spell: Passwall
  5983 | D:6      | Gained mutation: You are frail. (-10% HP) [mutagenic glow]
  6113 | D:6      | Got the Anthology of Frozen Clay
  6382 | D:6      | Lost mutation: You are frail. (-10% HP) [potion of
                  | mutation]
  6382 | D:6      | Gained mutation: You are clumsy. (Dex -2) [potion of
                  | mutation]
  6382 | D:6      | Gained mutation: Your mind is acute. (Int +4, Str/Dex -1)
                  | [potion of mutation]
  6382 | D:6      | Gained mutation: Your spells are a little harder to cast,
                  | but a little more powerful. [potion of mutation]
  6383 | D:6      | Lost mutation: Your mind is acute. (Int +4, Str/Dex -1)
                  | [potion of mutation]
  6383 | D:6      | Lost mutation: You are clumsy. (Dex -2) [potion of
                  | mutation]
  6383 | D:6      | Gained mutation: You have sharp toenails. [potion of
                  | mutation]
  6383 | D:6      | Gained mutation: You are clumsy. (Dex -2) [potion of
                  | mutation]
  6383 | D:6      | Gained mutation: You are somewhat resistant to further
                  | mutation. [potion of mutation]
  6660 | D:7      | Reached skill level 5 in Invocations
  6756 | D:7      | Reached skill level 9 in Maces & Flails
  7068 | D:7      | Reached **** piety under Makhleb
  7221 | D:7      | Noticed Pikel
  7265 | D:7      | Killed Pikel
  7384 | D:7      | Noticed an oklob plant
  7386 | D:7      | Reached skill level 10 in Maces & Flails
  7388 | D:7      | Reached XP level 10. HP: 68/76 MP: 14/14
  7842 | D:7      | HP: 3/76 [oklob plant/splash of acid (15)]
  9007 | D:7      | Killed an oklob plant
  9542 | D:8      | Found a sand-covered staircase.
  9671 | Ossuary  | Entered an ossuary
  9887 | D:8      | Noticed a two-headed ogre
  9892 | D:8      | Noticed AverageBear's ghost (novice DsFi)
 10088 | D:8      | Found a flagged portal.
 10095 | Bailey   | Entered a bailey
 10858 | Bailey   | Reached ***** piety under Makhleb
 11090 | Bailey   | Noticed a gargoyle
 11099 | Bailey   | Killed a gargoyle
 11131 | Bailey   | Mangled by a vampire

Illustrated notes

Levels and vault maps discovered:
D:1:      minmay_arrival_cross, layout_basic,
          hellmonk_ecumenical_altar_inner_sanctum, minmay_pentomino_q2
D:2:      layout_loops_ring, uniq_terence
D:3:      layout_basic, lemuel_doored_altar, makhleb_altar_promises_db,
          tso_oasis_becter, amcnicky_altar_lugonu_corruption, uniq_jessica
D:4:      layout_cave_pools, mainiacjoe_overflow_paths,
          minmay_temple_entry_mini_moons, minivault_23, nrook_loot_triangle
D:5:      layout_rooms, yredelemnul_altar_generic, portal_sewer_entry_d
D:6:      layout_basic, kennysheep_mini, due_unseen_surprise
D:7:      lemuel_slime, layout_layer_cave, uniq_pikel
D:8:      layout_gridville, zin_treasury, gammafunk_ghost_stat_death,
          enter_ossuary_3, enter_bailey_2
Temple:   dshaligram_water_room_temple
Bailey:   bailey_polearm_vampire_castle_hellmonk, bailey

Skill      XL: |  1  2  3  4  5  6  7  8  9 10 |
---------------+-------------------------------+-----
Fighting       | 3 4 5 6 8 |  8.0
Maces & Flails | 2 4 5 7 8 10 | 10.9
Invocations    | 2 3 6 7 |  7.5
Staves         | |  1.0
Throwing       | |  4.0
Armour         | |  2.0
Evocations     | |  1.0

Action                   |  1- 3 |  4- 6 |  7- 9 | 10-12 || total
-------------------------+-------+-------+-------+-------++-------
Melee: Flail             |    76 |   200 |   373 |   185 ||   834
       Punch             |     1 |       |       |       ||     1
       Short sword       |       |       |    12 |       ||    12
       Kick              |       |       |    36 |    62 ||    98
Throw: Dart              |       |     2 |     2 |       ||     4
       Boomerang         |       |       |     6 |    20 ||    26
       Throwing net      |       |       |     2 |       ||     2
 Cast: Passwall          |       |       |     2 |       ||     2
Invok: Minor Destruction |       |       |    21 |    46 ||    67
       Lesser Servant of |       |       |       |     4 ||     4
       Major Destruction |       |       |       |     2 ||     2
Evoke: Wand              |       |     1 |     3 |     4 ||     8
  Use: Scroll            |       |       |    14 |     1 ||    15
       Potion            |       |       |     2 |     1 ||     3
 Stab: Held in net/web   |       |       |     2 |       ||     2
       Distracted        |       |       |       |     1 ||     1
Armor: Scale mail        |    50 |    43 |       |       ||    93
       Ring mail         |       |    50 |   165 |    83 ||   298
       Plate armour      |       |       |    48 |    10 ||    58
       Skin              |       |       |     2 |       ||     2
Dodge: Dodged            |    41 |    64 |   116 |    73 ||   294
Block: Kite shield       |       |   132 |   296 |   147 ||   575
